 Dungeon Crawl Stone Soup version 0.22-a0-565-gfc6459a (webtiles) character file.

1624 Amnesiac the Nimble (level 8, -2/39 HPs)
             Began as a Spriggan Fighter on June 28, 2018.
             Was a Priest of Ru.
             Slain by an orc warrior
             ... wielding a +0 hand axe
              (22 damage)
             ... on level 5 of the Dungeon.
             The game lasted 00:10:35 (5551 turns).

Amnesiac the Nimble (Spriggan Fighter)              Turns: 5551, Time: 00:10:35

Health: -2/39      AC:  2    Str: 14    XL:     8   Next: 65%
Magic:  11/11      EV: 23    Int:  9    God:    Ru [***...]
Gold:   244        SH:  6    Dex: 16    Spells: 7/7 levels left

rFire    + . .     SeeInvis +   a - +1 short sword (elec)
rCold    + . .     Gourm    .   c - +0 buckler
rNeg     . . .     Faith    .   b - +0 robe
rPois    .         Spirit   .   (helmet restricted)
rElec    .         Reflect  .   m - scarf {repulsion}
rCorr    .         Harm     .   (gloves unavailable)
MR       +....                  (boots unavailable)
Stlth    ++++......             (no amulet)
HPRegen  0.13/turn              C - ring of protection from cold
MPRegen  0.12/turn              B - ring of protection from fire

@: repel missiles, very quick
A: very small, unfitting armour, see invisible, herbivore, speed 3, slow
metabolism 2, inability to use devices, hated by all
a: Draw Out Power, Renounce Religion


You were on level 5 of the Dungeon.
You worshipped Ru.
Ru was most pleased with you.
You were not hungry.

You visited 1 branch of the dungeon, and saw 6 of its levels.
You also visited: Ossuary.

You collected 244 gold pieces.

Inventory:

Hand Weapons
 a - a +1 short sword of electrocution (weapon)
Armour
 b - a +0 robe (worn)
 c - a +0 buckler (worn)
 m - a scarf of repulsion (worn)
Jewellery
 B - a ring of protection from fire (right hand)
 C - a ring of protection from cold (left hand)
Scrolls
 g - 11 scrolls of identify {!r}
 i - 8 scrolls of remove curse {!r, unknown}
 k - 4 scrolls of fog {!r, unknown}
 l - 2 scrolls of teleportation {!r, unknown}
 q - 2 scrolls of amnesia {!r, unknown}
 r - 2 scrolls of fear {!r, unknown}
 s - 2 scrolls of blinking {!r, unknown}
 t - 3 scrolls of enchant armour {!r, unknown}
 u - 2 scrolls of immolation {!r, unknown}
 y - 2 scrolls of enchant weapon {!r, unknown}
 E - a scroll of noise {!r, unknown}
 G - a scroll of random uselessness {!r, unknown}
Potions
 d - a potion of might {!q}
 e - 2 potions of heal wounds {!q, unknown}
 h - a potion of ambrosia {!q, unknown}
 n - a potion of flight {!q, unknown}
 o - 2 potions of haste {!q, unknown}
 p - 3 potions of curing {!q, unknown}
 v - a potion of mutation {!q, unknown}
 w - 2 potions of degeneration {!q, unknown}
 x - 2 potions of cancellation {!q, unknown}
 A - a potion of lignification {!q}
 D - a potion of agility {!q, unknown}
 F - a potion of resistance {!q, unknown}
Comestibles
 f - 11 rations


   Skills:
 + Level 2.8 Fighting
 - Level 8.1 Short Blades
 + Level 8.5 Dodging
 - Level 8.0 Stealth
 + Level 2.8 Shields


You had 7 spell levels left.
You didn't know any spells.
Your spell library was empty.

Dungeon Overview and Level Annotations

Branches:
Dungeon (6/15)
 Temple: D:4-7

Altars:
Cheibriados
Elyvilon
Gozag
Hepliaklqana
Ru
Uskayaw
Wu Jian
Yredelemnul
The Shining One


Innate Abilities, Weirdness & Mutations

You are very small and have problems with some larger weapons.
You are too small for most types of armour.
You have supernaturally acute eyesight. (SInv)
You are a herbivore.
You cover ground extremely quickly.
You need to consume almost no food.
You cannot study or use magical devices.
You are hated by all.


Message History

Things that are here:
an uncursed ring of flight; a wand of digging (12)
You swing at nothing.
You swing at nothing.
You hit the orc. Lightning courses through the orc!
You kill the orc!
You swing at nothing.
You swing at nothing.
You closely miss the orc.
The orc is stunned by your will and fails to attack.
You hit the orc but do no damage. Lightning courses through the orc!
You kill the orc!
You swing at nothing.
You hit the orc priest.
The orc priest is moderately wounded.
The orc priest barely misses you.
You hit the orc priest.
The orc priest is moderately wounded.
You closely miss the orc priest.
The orc priest is moderately wounded.
The orc priest completely misses you.
You hit the orc priest but do no damage.
The orc priest is moderately wounded.
The orc priest is stunned by your will and fails to attack.
You hit the orc priest.
The orc priest is heavily wounded.
You hit the orc priest.
The orc priest is severely wounded.
The orc priest is stunned by your will and fails to attack.
You hit the orc priest.
The orc priest is almost dead.
The orc priest hits you with a club!
You hit the orc priest.
Lightning courses through the orc priest!
You kill the orc priest!
You hit the orc.
The orc is lightly wounded.
You closely miss the orc.
The orc is lightly wounded.
The orc is stunned by your will and fails to attack.
You barely miss the orc. The orc hits you but does no damage.
You hit the orc but do no damage.
The orc is stunned by your will and fails to attack.
You barely miss the orc. You hit the orc.
The orc is lightly wounded.
The orc completely misses you.
You redirect the orc priest's attack!
The orc priest invokes the aid of Beogh against the orc.
The orc writhes in agony!
The orc dies!
You hear a shout!
You barely miss the orc warrior. The orc warrior closely misses you.
You barely miss the orc warrior.
An orc comes into view. It is wielding a flail.
There is a stone staircase leading up here.
The orc warrior hits you with a hand axe!
You focus your will and illuminate the orc warrior in retribution!
The orc priest looks braver for a moment.
You climb upwards.
There is a stone staircase leading down here.
The orc warrior hits you with a hand axe!!
Ouch! That really hurt!
You die...

### #####.# #.....#
#.###.# #####.###.#
#.........#######
#.###...........#
###.#############.#
#>@................
#o.................
#.#..##.........#.#
#.#..##.#########.#
#.#...#.# #.....#.#
#.#####.###.###.#.#
#................##
#######..........#
#....#....###...#


You could see an orc warrior.

Vanquished Creatures
  A wraith (Ossuary)
  Menkaure (D:5)
  Edmund (D:5)
  An ice beast (D:3)
  A sky beast (D:5)
  A phantom (D:5)
  3 ogres (D:5)
  A centaur (D:5)
  A howler monkey (D:5)
  A crimson imp (D:5)
  2 orc priests
  A hound (D:4)
  2 orc wizards
  3 worker ants
  3 iguanas
  A killer bee zombie (D:5)
  A mummy (Ossuary)
  A worker ant zombie (D:5)
  A howler monkey zombie (D:6)
  10 adders
  An adder skeleton (D:5)
  3 worms
  3 dart slugs
  3 leopard geckos
  13 orcs
  4 giant cockroaches
  11 goblins
  5 hobgoblins
  13 jackals
  3 quokkas
  9 bats
  5 frilled lizards
  A giant cockroach zombie (D:6)
  11 gnoll skeletons (Ossuary)
  9 kobolds
  2 kobold skeletons (Ossuary)
  11 orc skeletons (Ossuary)
  6 rats
150 creatures vanquished.

Vanquished Creatures (others)
  An ooze (D:3)
  An orc (D:6)
  A quokka (D:3)
  An orc skeleton (Ossuary)
4 creatures vanquished.

Grand Total: 154 creatures vanquished

Notes
Turn   | Place    | Note
-------+----------+-------------------------------------------
     0 | D:1      | Amnesiac the Spriggan Fighter began the quest for the Orb.
     0 | D:1      | Reached XP level 1. HP: 11/11 MP: 2/2
    92 | D:1      | Reached skill level 1 in Stealth
   105 | D:2      | Found a white marble altar of Elyvilon.
   106 | D:2      | Found a basalt altar of Yredelemnul.
   191 | D:3      | Reached XP level 2. HP: 16/16 MP: 3/3
   209 | D:3      | Found a glowing golden altar of the Shining One.
   718 | D:4      | Reached XP level 3. HP: 14/19 MP: 4/4
  1200 | D:4      | Found a sacrificial altar of Ru.
  1218 | D:4      | Became a worshipper of Ru the Awakened
  1407 | D:4      | Reached skill level 1 in Evocations
  1407 | D:4      | Reached XP level 4. HP: 23/23 MP: 5/5
  2333 | D:2      | Reached skill level 5 in Dodging
  2333 | D:2      | Reached XP level 5. HP: 20/27 MP: 7/7
  2418 | D:2      | Found a snail-covered altar of Cheibriados.
  2452 | D:2      | Found a hide-covered altar of Uskayaw.
  2686 | D:2      | Gained mutation: You are hated by all. [Ru sacrifice]
  2686 | D:2      | Reached * piety under Ru
  2756 | D:2      | Found an opulent altar of Gozag.
  3077 | D:3      | Noticed an ice beast
  3085 | D:3      | Killed an ice beast
  3085 | D:3      | Reached XP level 6. HP: 32/32 MP: 7/9
  3434 | D:4      | Reached skill level 5 in Short Blades
  3532 | D:4      | Found a hazy altar of Hepliaklqana.
  3570 | D:5      | Entered Level 5 of the Dungeon
  3589 | D:5      | Found an ornate altar of the Wu Jian Council.
  3589 | D:5      | Noticed Menkaure
  3614 | D:5      | Reached skill level 5 in Stealth
  3630 | D:5      | Killed Menkaure
  3630 | D:5      | Reached XP level 7. HP: 13/35 MP: 10/10
  3678 | D:5      | Found a sand-covered staircase.
  3685 | Ossuary  | Entered an ossuary
  3685 | Ossuary  | Noticed a wraith
  3685 | Ossuary  | Noticed a wraith
  3685 | Ossuary  | Noticed a wraith
  4043 | Ossuary  | Noticed a wraith
  4174 | Ossuary  | Killed a wraith
  4557 | D:5      | Reached XP level 8. HP: 36/39 MP: 11/11
  5081 | D:5      | Noticed Edmund
  5089 | D:5      | Killed Edmund
  5349 | D:5      | Gained mutation: You cannot study or use magical devices. [Ru sacrifice]
  5349 | D:5      | Reached ** piety under Ru
  5349 | D:5      | Reached *** piety under Ru
  5551 | D:5      | Slain by an orc warrior

Vault maps used:
D:1:      eino_arrival_water_star
D:2:      yredelemnul_altar_generic, elyvilon_altar_4, kennysheep_slug_shrine,
          nicolae_overflow_crystal_walls,
          nicolae_gozag_cash_rules_everything_around_me, serial_glass,
          glass_columns_a, glass_columns_a, due_unseen_surprise,
          item_on_display_a, minmay_surrounded
D:3:      tso_oasis_becter, first_ration, grunt_decor_one_mirror,
          minmay_misc_feat_doors
D:4:      lemuel_crystal_altar, kennysheep_little_box
D:5:      chequers_ossuary_entry_cave, basic_altar, uniq_menkaure, uniq_edmund
D:6:      lemuel_doored_altar
Ossuary:  ossuary_due_mausoleum

Skill      XL: |  1  2  3  4  5  6  7  8 |
---------------+-------------------------+-----
Stealth        | 2 3 4 5 7 8 |  8.0
Short Blades   | 3 4 5 7 8 |  8.1
Evocations     | 1 2 3 0 |  0.0
Dodging        | 5 6 7 8 |  8.5
Fighting       | |  2.8
Shields        | |  2.8

Action                   |  1- 3 |  4- 6 |  7- 9 || total
-------------------------+-------+-------+-------++-------
Melee: Rapier            |    87 |    14 |       ||   101
       Short sword       |       |   164 |   248 ||   412
Invok: Sacrifice Love    |       |     1 |       ||     1
       Sacrifice Artific |       |       |     1 ||     1
Evoke: Wand              |       |     1 |       ||     1
  Use: Scroll            |       |       |     1 ||     1
 Stab: Sleeping          |     5 |    10 |     5 ||    20
       Distracted        |     1 |       |     2 ||     3
       Invisible         |       |       |     1 ||     1
  Eat: Ration            |       |     2 |       ||     2
Armor: Robe              |     4 |     6 |     7 ||    17
Dodge: Dodged            |    53 |    84 |   104 ||   241
       Deflected         |       |     4 |     2 ||     6
Block: Buckler           |    16 |    39 |    34 ||    89

Table legend:
 A = Spawn XP
 B = Non-spawn XP
 C = Spawn XP percentage of total XP
 D = Spawn monster count
 E = Non-spawn monster count
 F = Spawn count percentage of total count
 G = Total turns spent on level
                    A         B        C        D         E        F      G
               +---------+---------+-------+---------+---------+-------+---------
         Total |       0 |    2321 |   0.0 |       0 |     150 |   0.0 |  5551
               +---------+---------+-------+---------+---------+-------+---------
           D:1 |       0 |      25 |   0.0 |       0 |      17 |   0.0 |   813
           D:2 |       0 |     131 |   0.0 |       0 |      32 |   0.0 |   713
           D:3 |       0 |     171 |   0.0 |       0 |      22 |   0.0 |  1197
           D:4 |       0 |     172 |   0.0 |       0 |       9 |   0.0 |   847
           D:5 |       0 |    1452 |   0.0 |       0 |      35 |   0.0 |  1133
           D:6 |       0 |     119 |   0.0 |       0 |       9 |   0.0 |   218
       Ossuary |       0 |     251 |   0.0 |       0 |      26 |   0.0 |   630
               +---------+---------+-------+---------+---------+-------+---------
